APL (24 & UNDER)
KENOSHA KINGFISH @ NASHUA REDLEGS
05/19/2029
 
TOP OF THE 1ST
Kenosha Kingfish batting - Pitching for Nashua Redlegs : LHP Keith Burns
Pitching: LHP Keith Burns
Batting: RHB Ron Campbell 0-0: Reached on error, E5 (Groundball, 5)
Batting: LHB Pat Williams 0-0: Fly out, F5 (Popup, 25F)
Batting: RHB Pepe González 0-0: Called Strike
0-1: Ball
1-1: Called Strike
1-2: Foul Ball, location: 2F
1-2: Ball
2-2: Ball
3-2: Strikes out swinging
Ron Campbell is caught stealing 2nd base
Batter strikes out.
Top of the 1st over - 0 runs, 0 hits, 1 error, 0 left on base; Kenosha 0 - Nashua 0
BOTTOM OF THE 1ST
Nashua Redlegs batting - Pitching for Kenosha Kingfish : RHP Raúl Cruz
Pitching: RHP Raúl Cruz
Batting: RHB William Rogers 0-0: Foul Ball, location: 2F
0-1: Foul Ball, location: 2F
0-2: Foul Ball, location: 2F
0-2: Strikes out looking
Batting: RHB Currito Campos 0-0: Called Strike
0-1: Ball
1-1: Ground out 5-3 (Groundball, 56S)
Batting: LHB Bob Campbell 0-0: Ball
1-0: Ball
2-0: Swinging Strike
2-1: Foul Ball, location: 2F
2-2: Strikes out swinging
Bottom of the 1st over - 0 runs, 0 hits, 0 errors, 0 left on base; Kenosha 0 - Nashua 0
TOP OF THE 2ND
Kenosha Kingfish batting - Pitching for Nashua Redlegs : LHP Keith Burns
Batting: RHB Rubén Hernández 0-0: Ground out 5-3 (Groundball, 56)
Batting: LHB Juan Rodríguez 0-0: Swinging Strike
0-1: Swinging Strike
0-2: Ball
1-2: Strikes out looking
Batting: RHB Armando Arellano 0-0: Ball
1-0: Called Strike
1-1: SOLO HOME RUN (Flyball, 7D), Distance : 358 ft
Batting: RHB Juan Escalante 0-0: Ball
1-0: Foul Ball, location: 2F
1-1: SINGLE (Flyball, 78S)
Batting: RHB Warren Strathbogie 0-0: Ball
1-0: Foul Ball, location: 2F
1-1: Swinging Strike
1-2: Ball
2-2: Ball
3-2: Base on Balls
Juan Escalante to second
Batting: LHB Miguel Gómez 0-0: Swinging Strike
0-1: 3-RUN HOME RUN (Flyball, 9LD), Distance : 337 ft
Batting: RHB Ron Campbell 0-0: Ball
1-0: Swinging Strike
1-1: Swinging Strike
1-2: Foul Ball, location: 2F
1-2: Ball
2-2: Ball
3-2: Ground out 1-3 (Groundball, P)
Top of the 2nd over - 4 runs, 3 hits, 0 errors, 0 left on base; Kenosha 4 - Nashua 0
BOTTOM OF THE 2ND
Nashua Redlegs batting - Pitching for Kenosha Kingfish : RHP Raúl Cruz
Batting: RHB Manuel Pérez 0-0: Foul Ball, location: 2F
0-1: Swinging Strike
0-2: Strikes out looking
Batting: LHB Alonso Carbajal 0-0: Foul Ball, location: 2F
0-1: Ball
1-1: Swinging Strike
1-2: Strikes out looking
Batting: RHB Gerald Miller 0-0: Ball
1-0: Ground out 3-1 (Groundball, 34)
Bottom of the 2nd over - 0 runs, 0 hits, 0 errors, 0 left on base; Kenosha 4 - Nashua 0
TOP OF THE 3RD
Kenosha Kingfish batting - Pitching for Nashua Redlegs : LHP Keith Burns
Batting: LHB Pat Williams 0-0: Ball
1-0: Called Strike
1-1: Ball
2-1: Fly out, F8 (Line Drive, 89M)
Batting: RHB Pepe González 0-0: Ball
1-0: Ball
2-0: Ball
3-0: Called Strike
3-1: Base on Balls
Batting: RHB Rubén Hernández 0-0: Ball
1-0: Ball
2-0: Ball
3-0: Base on Balls
Pepe González to second
Batting: LHB Juan Rodríguez 0-0: Ball
1-0: Swinging Strike
1-1: Ball
2-1: Hit by Pitch
Pepe González to third
Rubén Hernández to second
Batting: RHB Armando Arellano 0-0: Fly out, F8 (Flyball, 8RXD)
Runner from 3rd tags up, SCORES, no throw
Batting: RHB Juan Escalante 0-0: SINGLE (Flyball, 7S)
Rubén Hernández to third
Juan Rodríguez to second
Runner from 3rd tries for Home, SAFE, throw made home
Batting: RHB Warren Strathbogie 0-0: Called Strike
0-1: Foul Ball, location: 2F
0-2: Strikes out swinging
Top of the 3rd over - 2 runs, 1 hit, 0 errors, 2 left on base; Kenosha 6 - Nashua 0
BOTTOM OF THE 3RD
Nashua Redlegs batting - Pitching for Kenosha Kingfish : RHP Raúl Cruz
Batting: RHB Dave Warren 0-0: Ball
1-0: Foul Ball, location: 2F
1-1: Ball
2-1: SINGLE (Line Drive, 9S)
Batting: RHB David Adams 0-0: Ball
1-0: Foul Ball, location: 2F
1-1: Ball
2-1: Ball
3-1: Foul Ball, location: 2F
3-2: Base on Balls
Dave Warren to second
Batting: RHB Jorge Valenzuela 0-0: Grounds into double play, 4-6-3 (Groundball, 4)
Dave Warren to third
Batting: RHB William Rogers 0-0: Ball
1-0: Fly out, F7 (Flyball, 7D)
Bottom of the 3rd over - 0 runs, 1 hit, 0 errors, 1 left on base; Kenosha 6 - Nashua 0
TOP OF THE 4TH
Kenosha Kingfish batting - Pitching for Nashua Redlegs : LHP Keith Burns
Batting: LHB Miguel Gómez 0-0: Ball
1-0: Swinging Strike
1-1: Ball
2-1: Swinging Strike
2-2: Strikes out swinging
Batting: RHB Ron Campbell 0-0: Ground out 3-1 (Groundball, 34)
Batting: LHB Pat Williams 0-0: Fly out, F8 (Flyball, 8LD)
Top of the 4th over - 0 runs, 0 hits, 0 errors, 0 left on base; Kenosha 6 - Nashua 0
BOTTOM OF THE 4TH
Nashua Redlegs batting - Pitching for Kenosha Kingfish : RHP Raúl Cruz
Batting: RHB Currito Campos 0-0: Called Strike
0-1: Foul Ball, location: 2F
0-2: Ball
1-2: SINGLE (Groundball, 34D)
Batting: LHB Bob Campbell 0-0: Ball
Currito Campos steals 2nd base
1-0: Called Strike
1-1: Ball
2-1: Called Strike
2-2: Ball
3-2: Base on Balls
Batting: RHB Manuel Pérez 0-0: Foul Ball, location: 2F
0-1: Grounds into double play, 6-4-3 (Groundball, 6)
Currito Campos to third
Batting: LHB Alonso Carbajal 0-0: Called Strike
0-1: 2-RUN HOME RUN (Line Drive, 9LD), Distance : 336 ft
Batting: RHB Gerald Miller 0-0: Called Strike
0-1: Foul Ball, location: 2F
0-2: Ball
1-2: Ball
2-2: Ball
3-2: Foul Ball, location: 2F
3-2: Base on Balls
Batting: RHB Dave Warren 0-0: Ball
1-0: Fielders Choice at 2nd, 6-4 (Groundball, 6)
Bottom of the 4th over - 2 runs, 2 hits, 0 errors, 1 left on base; Kenosha 6 - Nashua 2
TOP OF THE 5TH
Kenosha Kingfish batting - Pitching for Nashua Redlegs : LHP Keith Burns
Pitching: LHP Alberto Ledezma
Batting: RHB Pepe González 0-0: Foul Ball, location: 2F
0-1: Ball
1-1: Foul Ball, location: 2F
1-2: Ground out 6-3 (Groundball, 6)
Batting: RHB Rubén Hernández 0-0: Foul Ball, location: 2F
0-1: Foul Ball, location: 2F
0-2: Ball
1-2: Strikes out swinging
Batting: LHB Juan Rodríguez 0-0: SINGLE (Flyball, 89S)
Batting: RHB Armando Arellano 0-0: Fielders Choice at 2nd, 5-4 (Groundball, 5)
Top of the 5th over - 0 runs, 1 hit, 0 errors, 1 left on base; Kenosha 6 - Nashua 2
BOTTOM OF THE 5TH
Nashua Redlegs batting - Pitching for Kenosha Kingfish : RHP Raúl Cruz
Batting: RHB David Adams 0-0: Called Strike
0-1: Swinging Strike
0-2: Foul Ball, location: 2F
0-2: Strikes out looking
Batting: RHB Jorge Valenzuela 0-0: Ball
1-0: Ball
2-0: Ground out 1-3 (Groundball, 13)
Batting: RHB William Rogers 0-0: Ball
1-0: Ball
2-0: Ball
3-0: Called Strike
3-1: Base on Balls
Batting: RHB Currito Campos 0-0: Fly out, F3 (Popup, 3SF)
Bottom of the 5th over - 0 runs, 0 hits, 0 errors, 1 left on base; Kenosha 6 - Nashua 2
TOP OF THE 6TH
Kenosha Kingfish batting - Pitching for Nashua Redlegs : LHP Alberto Ledezma
Batting: RHB Juan Escalante 0-0: Foul Ball, location: 2F
0-1: Ball
1-1: Ball
2-1: Foul Ball, location: 2F
2-2: Ground out 5-3 (Groundball, 56)
Batting: RHB Warren Strathbogie 0-0: Called Strike
0-1: Ball
1-1: SINGLE (Groundball, 4D)
Batting: LHB Miguel Gómez 0-0: Ball
1-0: Called Strike
1-1: Fly out, F7 (Flyball, 7S)
Batting: RHB Ron Campbell 0-0: Fly out, F5 (Line Drive, 5)
Top of the 6th over - 0 runs, 1 hit, 0 errors, 1 left on base; Kenosha 6 - Nashua 2
BOTTOM OF THE 6TH
Nashua Redlegs batting - Pitching for Kenosha Kingfish : RHP Raúl Cruz
Batting: LHB Bob Campbell 0-0: Called Strike
0-1: Ball
1-1: TRIPLE (Flyball, 9D)
Batting: RHB Manuel Pérez 0-0: Fly out, F5 (Line Drive, 5)
Batting: LHB Alonso Carbajal 0-0: Called Strike
0-1: SINGLE (Groundball, 6MD)
Bob Campbell scores
Batting: RHB Gerald Miller 0-0: Called Strike
0-1: Foul Ball, location: 2F
0-2: Ball
1-2: Strikes out swinging
Batting: RHB Dave Warren 0-0: Ball
Alonso Carbajal is caught stealing 2nd base
Bottom of the 6th over - 1 run, 2 hits, 0 errors, 0 left on base; Kenosha 6 - Nashua 3
TOP OF THE 7TH
Kenosha Kingfish batting - Pitching for Nashua Redlegs : LHP Alberto Ledezma
Batting: LHB Pat Williams 0-0: Ball
1-0: Ball
2-0: Called Strike
2-1: Ball
3-1: Foul Ball, location: 2F
3-2: Strikes out swinging
Batting: RHB Pepe González 0-0: Ball
1-0: Foul Ball, location: 2F
1-1: Ball
2-1: Foul Ball, location: 2F
2-2: Ball
3-2: SINGLE (Line Drive, 6M)
Batting: RHB Rubén Hernández 0-0: SINGLE (Line Drive, 6D)
Pepe González to second
Batting: LHB Juan Rodríguez 0-0: Ball
1-0: Grounds into double play, 4-6-3 (Groundball, 4M)
Top of the 7th over - 0 runs, 2 hits, 0 errors, 1 left on base; Kenosha 6 - Nashua 3
BOTTOM OF THE 7TH
Nashua Redlegs batting - Pitching for Kenosha Kingfish : RHP Raúl Cruz
Batting: RHB Dave Warren 0-0: Foul Ball, location: 2F
0-1: Called Strike
0-2: Foul Ball, location: 2F
0-2: Ball
1-2: Strikes out swinging
Batting: RHB David Adams 0-0: Called Strike
0-1: Ball
1-1: Ball
2-1: SOLO HOME RUN (Flyball, 7D), Distance : 345 ft
Batting: RHB Jorge Valenzuela 0-0: Ball
1-0: Ball
2-0: DOUBLE (Flyball, 89D)
Batting: RHB William Rogers 0-0: Ball
1-0: Called Strike
1-1: Ball
2-1: Ball
3-1: Called Strike
3-2: SINGLE (Groundball, 56D)
Jorge Valenzuela to third
Runner from 3rd tries for Home, SAFE, throw made home
Pitching: RHP Rafael Marín
Batting: RHB Currito Campos 0-0: Ball
1-0: Called Strike
William Rogers steals 2nd base
1-1: SINGLE (Line Drive, 56D)
William Rogers to third
Runner from 3rd tries for Home, throw and OUT!
Pitching: LHP Ray McKnight
Batting: LHB Bob Campbell 0-0: Fly out, F4 (Popup, 34)
Bottom of the 7th over - 2 runs, 4 hits, 0 errors, 1 left on base; Kenosha 6 - Nashua 5
TOP OF THE 8TH
Kenosha Kingfish batting - Pitching for Nashua Redlegs : LHP Alberto Ledezma
Batting: RHB Armando Arellano 0-0: Called Strike
0-1: SINGLE (Groundball, 56D)
Batting: RHB Juan Escalante 0-0: Called Strike
Armando Arellano steals 2nd base
0-1: Ball
1-1: Intentional Walk
Batting: RHB Warren Strathbogie 0-0: Sac Bunt - play at first, batter OUT! U3
Armando Arellano to third
Juan Escalante to second
Batting: LHB Miguel Gómez 0-0: SINGLE (Line Drive, 9S)
Armando Arellano scores
Juan Escalante to third
Batting: RHB Ron Campbell 0-0: Ball
Pickoff Throw to First - Error! E1
Juan Escalante scores
Miguel Gómez to second
1-0: Ball
2-0: Called Strike
2-1: Called Strike
2-2: Ball
3-2: SINGLE (Groundball, 56D)
Miguel Gómez to third
Runner from 3rd tries for Home, SAFE, no throw
Pitching: RHP Alonso Rivera
Batting: LHB Pat Williams 0-0: Called Strike
Ron Campbell steals 2nd base
0-1: Ground out 6-3 (Groundball, 6)
Ron Campbell to third
Batting: RHB Pepe González 0-0: Ball
1-0: Ball
2-0: Ground out U3 (Groundball, 34)
Top of the 8th over - 3 runs, 3 hits, 1 error, 1 left on base; Kenosha 9 - Nashua 5
BOTTOM OF THE 8TH
Nashua Redlegs batting - Pitching for Kenosha Kingfish : LHP Ray McKnight
Pitching: RHP Pablo Suárez
Batting: RHB Manuel Pérez 0-0: Ground out 6-3 (Groundball, 6)
Batting: LHB Alonso Carbajal 0-0: Ball
1-0: Ball
2-0: Ball
3-0: Foul Ball, location: 2F
3-1: Base on Balls
Batting: RHB Gerald Miller 0-0: SINGLE (Groundball, 6MD)
Alonso Carbajal to second
Batting: RHB Dave Warren 0-0: Ball
Wild Pitch!
Alonso Carbajal to third
Gerald Miller to second
1-0: Swinging Strike
1-1: Foul Ball, location: 2F
1-2: Ball
2-2: Ball
3-2: Foul Ball, location: 2F
3-2: Strikes out swinging
Batting: RHB David Adams 0-0: Called Strike
0-1: SINGLE (Line Drive, 4D)
Alonso Carbajal scores
Gerald Miller to third
Runner from 3rd tries for Home, throw and OUT!
Bottom of the 8th over - 1 run, 2 hits, 0 errors, 1 left on base; Kenosha 9 - Nashua 6
TOP OF THE 9TH
Kenosha Kingfish batting - Pitching for Nashua Redlegs : RHP Alonso Rivera
Batting: RHB Rubén Hernández 0-0: Ball
1-0: Foul Ball, location: 2F
1-1: Ball
2-1: Ball
3-1: Base on Balls
Batting: LHB Juan Rodríguez 0-0: Ball
1-0: Fly out, F8 (Flyball, 8LS)
Batting: RHB Armando Arellano 0-0: Called Strike
0-1: Ball
1-1: Grounds into double play, 5-4-3 (Groundball, 56)
Top of the 9th over - 0 runs, 0 hits, 0 errors, 0 left on base; Kenosha 9 - Nashua 6
BOTTOM OF THE 9TH
Nashua Redlegs batting - Pitching for Kenosha Kingfish : RHP Pablo Suárez
Batting: RHB Jorge Valenzuela 0-0: Called Strike
0-1: Ball
1-1: Foul Ball, location: 2F
1-2: Ball
2-2: Fly out, F9 (Flyball, 9)
Batting: RHB William Rogers 0-0: Called Strike
0-1: Foul Ball, location: 2F
0-2: Strikes out swinging
Batting: RHB Currito Campos 0-0: Ball
1-0: Foul Ball, location: 2F
1-1: Swinging Strike
1-2: Strikes out swinging
Bottom of the 9th over - 0 runs, 0 hits, 0 errors, 0 left on base; Kenosha 9 - Nashua 6
Saturday, December 16th, 2017 - OOTP Baseball 18.8 Build 76